 Dungeon Crawl Stone Soup version 0.31.0-4-g52a2dc7128 (webtiles) character file.

Game seed: 6168180430563619848

398 hawla the Firebug (level 6, -11/34 HPs)
             Began as a Deep Elf Fire Elementalist on Jan 22, 2024.
             Mangled by a gnoll sergeant
             ... wielding a +0 heavy spear
              (13 damage)
             ... on level 4 of the Dungeon.
             The game lasted 00:08:42 (3163 turns).

hawla the Firebug (Deep Elf Fire Elementalist)      Turns: 3163, Time: 00:08:43

Health: -11/34     AC:  3    Str: 11    XL:     6   Next: 53%
Magic:  1/14       EV: 13    Int: 22    God:
Gold:   135        SH:  0    Dex: 15    Spells: 6/13 levels left

rFire   . . .        f - staff of cold
rCold   + . .        (no shield)
rNeg    . . .        a - +0 robe
rPois   .            c - +0 helmet
rElec   .            (no cloak)
rCorr   .            (no gloves)
SInv    .            (no boots)
Will    .....        (no amulet)
Stlth   ++           k - +6 ring of strength
HPRegen 0.25/turn    (no ring)
MPRegen 0.14/turn

%: no passive effects
@: hasted, very quick
A: no striking features
a: no special abilities


You were on level 4 of the Dungeon.
You visited 1 branch of the dungeon, and saw 4 of its levels.

You collected 175 gold pieces.
You spent 40 gold pieces at shops.

Inventory:

Armour
 a - a +0 robe (worn)
 c - a +0 helmet (worn)
Magical Staves
 f - a staff of cold (weapon)
Jewellery
 k - a +6 ring of strength (left hand)
Scrolls
 d - 2 scrolls of teleportation
 i - a scroll of revelation {unknown}
 j - a scroll of identify
Potions
 b - a potion of magic
 g - 2 potions of curing {unknown}
 h - a potion of attraction {unknown}


   Skills:
 - Level 1.0 Fighting
 - Level 1.0 Staves
 - Level 3.0 Dodging
 - Level 3.0 Stealth
 - Level 4.0 Spellcasting
 - Level 4.0 Conjurations
 - Level 4.0 Fire Magic
 + Level 2.8 Ice Magic
 + Level 2.8 Evocations


You had 6 spell levels left.
You knew the following spells:

 Your Spells              Type           Power      Damage    Failure   Level
a - Foxfire               Conj/Fire      88%        2x1d8     2%          1
b - Scorch                Fire           44%        2d6       3%          2
c - Flame Wave            Conj/Fire      22%        2d8       22%         4

Your spell library contained the following spells:

 Spells                   Type           Power      Damage    Failure   Level
 Inner Flame              Hex/Fire       13%        N/A       14%         3
 Volatile Blastmotes      Fire/Tloc      26%        2d12      14%         3


Dungeon Overview and Level Annotations

Branches:
Dungeon (4/15)
 Temple: D:4-7

Altars:
Ashenzari
Dithmenos
Hepliaklqana

Shops:
D:1 ?


Message History

You conjure some foxfire!
The gnoll sergeant misses you.
The foxfire hits the gnoll sergeant but does no damage.
The gnoll sergeant is almost dead.
The foxfire hits the gnoll sergeant but does no damage.
The gnoll sergeant is almost dead.
The gnoll hits the fungus with a +0 flail.
The fungus begins to die.
The gnoll closely misses you. The gnoll sergeant closely misses you.
The gnoll hits the fungus with a +0 club!
The fungus begins to die.
Unknown command.
The gnoll hits the fungus with a +0 club.
The gnoll hits the fungus with a +0 flail!
The gnoll hits you from afar with a +0 spear.
The gnoll sergeant attacks as it pursues you!
The gnoll sergeant barely misses you.
The goblin unwields a +0 sling.
The goblin wields a +0 club.
The goblin hits the fungus with a +0 club.
The fungus begins to die.
The goblin hits the fungus with a +0 club.
The goblin splashes around in the water.
A nearby fungus withers and dies. x2
The gnoll sergeant attacks as it pursues you!
The gnoll sergeant hits you from afar with a +0 heavy spear!
Casting: Foxfire (safe; 2% risk of failure)
Confirm with . or Enter, or press ? or * to list all spells.
You conjure some foxfire!
The foxfire hits the gnoll sergeant but does no damage.
The gnoll sergeant is almost dead.
The foxfire hits the gnoll sergeant but does no damage.
The gnoll sergeant is almost dead.
The gnoll sergeant hits you from afar with a +0 heavy spear!
* * * LOW HITPOINT WARNING * * *
The gnoll hits you from afar with a +0 spear.
* * * LOW HITPOINT WARNING * * *
You feel yourself speed up.
The gnoll hits you from afar with a +0 spear.
* * * LOW HITPOINT WARNING * * *
The gnoll sergeant hits you from afar with a +0 heavy spear!
You die...

.....## ......# ......#
### ......# .. #.. ..
......# ..#####.#####..
......##................
##...................#
##..###....)...§§...#
##...........§@§...# ..
#..##.............#
.#.##.##.......ggg...###
##..#............#.#...#
#...........####g#......
........................
............#.##g###...#
......#....##..)........
###...#....####).PPPPPP.


You could see a gnoll sergeant, 3 gnolls and a goblin.

Vanquished Creatures
  A water moccasin (D:3)
  Pargi (D:3)
  A hound (D:4)
  An iguana (D:4)
  3 adders
  5 gnolls
  3 ribbon worms
  An orc (D:3)
  4 ball pythons (D:1)
  8 endoplasms
  4 giant cockroaches
  5 goblins
  4 hobgoblins
  A jackal (D:1)
  5 kobolds
  2 quokkas (D:1)
  8 bats
  2 frilled lizards (D:1)
  3 rats
62 creatures vanquished.

Vanquished Creatures (collateral kills)
  A foxfire (D:4)
1 creature vanquished.

Vanquished Creatures (others)
  154 foxfires
154 creatures vanquished.

Grand Total: 217 creatures vanquished

Notes
Turn   | Place    | Note
-------+----------+-------------------------------------------
     0 | D:1      | hawla the Deep Elf Fire Elementalist began the quest for
                  | the Orb.
     0 | D:1      | Reached XP level 1. HP: 10/10 MP: 6/6
   245 | D:1      | Reached XP level 2. HP: 15/15 MP: 6/8
   502 | D:1      | Found Raorehura's Magic Scroll Shoppe.
   677 | D:1      | Reached XP level 3. HP: 17/19 MP: 3/9
   875 | D:1      | Learned a level 2 spell: Scorch
  1110 | D:1      | Bought a scroll of identify for 20 gold pieces
  1110 | D:1      | Bought a scroll of identify for 20 gold pieces
  1696 | D:3      | Reached XP level 4. HP: 17/24 MP: 5/11
  1757 | D:3      | Reached skill level 1 in Evocations
  1758 | D:3      | Reached skill level 1 in Ice Magic
  1760 | D:3      | Reached skill level 1 in Staves
  1765 | D:3      | Learned a level 4 spell: Flame Wave
  1834 | D:3      | Found a faded altar of an unknown god.
  1929 | D:3      | Noticed Pargi
  1936 | D:3      | Killed Pargi
  1937 | D:3      | Reached XP level 5. HP: 26/28 MP: 0/13
  2208 | D:3      | Noticed a water moccasin
  2213 | D:3      | Killed a water moccasin
  2214 | D:3      | Reached skill level 1 in Fighting
  2214 | D:3      | Reached XP level 6. HP: 23/34 MP: 4/14
  2440 | D:3      | Found a broken altar of Ashenzari.
  2550 | D:3      | Identified the +8 dagger of Ukirgheir {heavy, rPois rF+}
  2818 | D:3      | Found a faded altar of an unknown god.
  2823 | D:3      | Found a hazy altar of Hepliaklqana.
  3110 | D:4      | Found a shadowy altar of Dithmenos.
  3163 | D:4      | Mangled by a gnoll sergeant

Illustrated notes

Levels and vault maps discovered:
D:1:      spicycebolla_arrival_xxxplode, layout_loops_ring, serial_shops, shop,
          minmay_quantized
D:2:      layout_rooms
D:3:      layout_basic, lemuel_tele_altar, nicolae_overflow_ecumenical_swirl,
          shapermc_ecumenical_altar_acropolis, uniq_pargi
D:4:      layout_basic, nicolae_dithmenos_through_a_glass_darkly,
          dreamdust_gnoll_farm

Skill      XL: |  1  2  3  4  5 |
---------------+----------------+-----
Stealth        | 3 |  3.0
Dodging        | 3 |  3.0
Conjurations   | 2 4 |  4.0
Fire Magic     | 4 |  4.0
Evocations     | 1 2 |  2.8
Spellcasting   | 4 |  4.0
Ice Magic      | 1 2 |  2.8
Staves         | 1 |  1.0
Fighting       | 1 |  1.0

Action                     |  1- 3 |  4- 6 || total
---------------------------+-------+-------++-------
  Melee: Unarmed           |    11 |       ||    11
         Staff             |     1 |    24 ||    25
   Cast: Foxfire           |    54 |    34 ||    88
         Scorch            |    10 |    19 ||    29
    Use: Scroll            |     7 |       ||     7
         Potion            |       |     2 ||     2
   Stab: Sleeping          |     1 |     1 ||     2
 Armour: Robe              |    16 |    33 ||    49
  Dodge: Dodged            |    22 |    40 ||    62
